 Dungeon Crawl Stone Soup version 0.22-a0-515-g75794bf (webtiles) character file.

2202 inc the Thaumaturge (level 9, -5/76 HPs)
             Began as an Octopode Ice Elementalist on June 19, 2018.
             Was an Initiate of Gozag.
             Killed from afar by a deep elf mage (42 damage)
             ... with a bolt of magma
             ... in a bailey.
             The game lasted 00:14:32 (8153 turns).

inc the Thaumaturge (Octopode Ice Elementalist)     Turns: 8153, Time: 00:14:33

Health: -5/76      AC:  1    Str: 13    XL:     9   Next: 34%
Magic:  21/22      EV: 17    Int: 20    God:    Gozag
Gold:   692        SH:  0    Dex: 12    Spells: 18/26 levels left

rFire    . . .     SeeInvis .   l - +3 war axe
rCold    . . .     Gourm    .   (no shield)
rNeg     + . .     Faith    .   (helmet restricted)
rPois    .         Spirit   .   (no amulet)
rElec    .         Reflect  .   h - +4 ring of evasion
rCorr    .         Harm     .   b - ring of positive energy
MR       .....                  q - ring of flight
Stlth    ..........             (no ring)
HPRegen  0.22/turn              (no ring)
MPRegen  0.18/turn              (no ring)
                                (no ring)
                                (no ring)

@: berserking (expiring), gold aura, very quick
A: almost no armour, stealthy swim, amphibious, 8 rings, constrict 8, camouflage
1, gelatinous body 1
a: Potion Petition, Call Merchant, Bribe Branch, Renounce Religion, Evoke Flight


You were in a bailey.
You worshipped Gozag.
Gozag was pleased with you.
You were full.

You visited 2 branches of the dungeon, and saw 8 of its levels.
You also visited: Bailey.

You collected 771 gold pieces.
You paid 79 gold pieces to Gozag.

Inventory:

Hand Weapons
 i - a +0 dagger of venom
 l - a +3 war axe (weapon)
Jewellery
 b - a ring of positive energy (right tentacle)
 h - a +4 ring of evasion (left tentacle)
 k - an uncursed ring of ice
 q - a ring of flight (on tentacle)
 s - an uncursed ring of teleportation
Wands
 r - a wand of polymorph (12)
Scrolls
 a - a scroll of enchant armour
 d - 3 scrolls of teleportation {unknown}
 e - a scroll of immolation {unknown}
 j - a scroll of noise {unknown}
 m - a scroll of fog {unknown}
 n - 2 scrolls of blinking {unknown}
 t - a scroll of amnesia
Potions
 f - a potion of curing
 o - a potion of brilliance
 p - a potion of berserk rage
 u - 3 potions of degeneration
 v - 2 potions of ambrosia
 w - a potion of lignification
 x - a potion of might {unknown}
 z - a potion of magic {unknown}
 A - a potion of invisibility {unknown}
Comestibles
 c - 6 rations


   Skills:
 - Level 2.0 Dodging
 - Level 2.6 Stealth
 + Level 9.2 Spellcasting
 - Level 1.0 Conjurations
 - Level 7.7 Ice Magic


You had 18 spell levels left.
You knew the following spells:

 Your Spells              Type           Power        Failure   Level  Hunger
a - Freeze                Ice            ####         1%          1    None
b - Ozocubu's Armour      Chrm/Ice       ###.....     4%          3    None
c - Throw Icicle          Conj/Ice       ####....     12%         4    ###....

Your spell library contained the following spells:

 Spells                   Type           Power        Failure   Level  Hunger
 Throw Frost              Conj/Ice       ####..       1%          2    None
 Animate Dead             Necr           N/A          58%         4    ###....
 Pain                     Necr           #...         8%          1    None
 Animate Skeleton         Necr           N/A          8%          1    None
 Vampiric Draining        Necr           #.........   22%         3    None
 Summon Ice Beast         Ice/Summ       ###.....     16%         4    ###....
 Regeneration             Chrm/Necr      #.........   22%         3    None


Dungeon Overview and Level Annotations

Branches:
Dungeon (7/15)             Temple (1/1) D:4

Altars:
Ashenzari
Cheibriados
Dithmenos
Elyvilon
Fedhas
Gozag
Hepliaklqana
Kikubaaqudgha
Makhleb
Nemelex Xobeh
Okawaru
Qazlal
Ru
Sif Muna
Trog
Uskayaw
Vehumet
Wu Jian
Xom
Yredelemnul
Zin
The Shining One

Shops:
D:4 *

Annotations:
D:5 1 runed door, junkhipster's ghost, novice FoFi


Innate Abilities, Weirdness & Mutations

You cannot wear most types of armour.
You are very stealthy in the water. (Stealth+)
You are amphibious.
You can wear up to eight rings at the same time.
You can use your tentacles to constrict eight enemies at once.
Your skin changes colour to match your surroundings (Stealth+).
Your rubbery body absorbs attacks. (AC +1, EV +1)


Message History

You slash the deep elf mage!
You kill the deep elf mage!
The fire elemental disappears in a puff of smoke! x2
Your Spellcasting skill increases to level 9!
The deep elf mage closely misses you.
Unknown command.
You barely miss the deep elf mage. Your grab misses the deep elf mage.
Your squeeze misses the deep elf mage. You barely miss the deep elf mage.
The deep elf mage completely misses you.
The deep elf mage casts a spell at you. The bolt of lightning misses you.
Unknown command.
You closely miss the deep elf mage. Your grab misses the deep elf mage.
You slash the deep elf mage!
The deep elf mage casts a spell.
The deep elf mage points at you and mumbles some strange words.
The bolt of magma hits you!
Ouch! That really hurt!
You die...
Your body crumbles into a pile of gold.

##..##..∩..#
#.)..#.....#
#....##...##
..
##..##'######.
###...###...##
#.....#.....#
#..∩..#.....#
#....$#.....#
##..e@#....#
#####e#
#....#e...#
#..... Y....#
$$ #.....
.Y...# $
#..... .....#
##...# #...##
.### ###. .e
..


You could see 3 deep elf magi and 2 ice beasts.

Vanquished Creatures
  2 deep elf magi (Bailey)
  2 orc warriors
  An ice beast (D:7)
  A centaur (D:5)
  2 bullfrogs (D:6)
  A scorpion (D:5)
  A howler monkey (D:5)
  A crimson imp (D:6)
  8 orc wizards
  A bullfrog skeleton (D:6)
  2 hounds
  A centaur skeleton (D:5)
  5 worker ants
  A hound zombie (D:5)
  A hound skeleton (D:4)
  2 gnolls (D:6)
  9 adders
  A shadow imp (D:6)
  An ooze (D:4)
  2 adder zombies
  4 worms
  A dart slug (D:4)
  6 leopard geckos
  19 orcs
  7 bats
  4 giant cockroaches
  10 goblins
  4 hobgoblins
  8 jackals
  5 quokkas
  3 ball pythons
  A frilled lizard (D:4)
  12 kobolds
  A leopard gecko skeleton (D:6)
  A quokka skeleton (D:5)
  A quokka zombie (D:6)
  14 rats
146 creatures vanquished.

Notes
Turn   | Place    | Note
-------+----------+-------------------------------------------
     0 | D:1      | inc the Octopode Ice Elementalist began the quest for the Orb.
     0 | D:1      | Reached XP level 1. HP: 11/11 MP: 3/3
   317 | D:1      | Reached XP level 2. HP: 14/17 MP: 1/5
   994 | D:3      | Reached XP level 3. HP: 21/21 MP: 1/6
  1936 | D:3      | Reached XP level 4. HP: 24/27 MP: 7/7
  2241 | D:4      | Reached skill level 5 in Ice Magic
  2485 | D:4      | Reached XP level 5. HP: 30/31 MP: 8/8
  2625 | D:4      | Found Nukiw's Assorted Antiques.
  3017 | D:4      | Reached XP level 6. HP: 25/36 MP: 9/9
  3163 | D:5      | Entered Level 5 of the Dungeon
  3409 | D:4      | Found a staircase to the Ecumenical Temple.
  3440 | Temple   | Entered the Ecumenical Temple
  3461 | Temple   | Became a worshipper of Gozag Ym Sagoz the Greedy
  3747 | D:5      | Noticed a phantom
  3837 | D:5      | Noticed an orc warrior
  3885 | D:5      | Killed an orc warrior
  3898 | D:5      | Reached XP level 7. HP: 9/41 MP: 5/10
  4142 | D:5      | Learned a level 3 spell: Ozocubu's Armour
  4147 | D:5      | Learned a level 4 spell: Throw Icicle
  4187 | D:5      | Found a runed door.
  4187 | D:5      | Noticed junkhipster's ghost (novice FoFi)
  5186 | D:5      | Reached skill level 3 in Spellcasting
  5594 | D:5      | Reached skill level 4 in Spellcasting
  6613 | D:6      | Found a white marble altar of Elyvilon.
  6701 | D:6      | Reached skill level 5 in Spellcasting
  6701 | D:6      | Reached XP level 8. HP: 16/46 MP: 12/16
  7041 | D:6      | Reached skill level 6 in Spellcasting
  7259 | D:6      | Found a basalt altar of Yredelemnul.
  7933 | D:7      | Reached skill level 7 in Spellcasting
  7995 | D:7      | Found a glowing silver altar of Zin.
  8000 | D:7      | Found a flagged portal.
  8032 | Bailey   | Entered a bailey
  8040 | Bailey   | Noticed a deep elf mage
  8047 | Bailey   | Killed a deep elf mage
  8047 | Bailey   | Reached skill level 8 in Spellcasting
  8047 | Bailey   | Reached XP level 9. HP: 36/51 MP: 18/21
  8141 | Bailey   | Noticed a deep elf mage
  8142 | Bailey   | Noticed a deep elf mage
  8142 | Bailey   | Noticed a deep elf mage
  8142 | Bailey   | Noticed a deep elf mage
  8144 | Bailey   | Noticed a deep elf mage
  8151 | Bailey   | Killed a deep elf mage
  8151 | Bailey   | Reached skill level 9 in Spellcasting
  8153 | Bailey   | Killed from afar by a deep elf mage

Vault maps used:
D:1:      minmay_arrival_semitransparent, serial_bayou_pond_e, minivault_23
D:3:      first_ration, dk_noncrumbling_4
D:4:      minmay_diamond_boxcup, minmay_temple_entry_glassed_door, serial_shops,
          shop, feat_on_display
D:5:      gammafunk_ghost_grave, enter_ossuary_5
D:6:      old_standard_altar, elyvilon_altar_5
D:7:      gammafunk_ghost_necromancy, enter_bailey_3, basic_altar, uniq_joseph
Temple:   regret_index_temple_sigil_plot
Bailey:   bailey_polearm_3, bailey

Skill      XL: |  1  2  3  4  5  6  7  8  9 |
---------------+----------------------------+-----
Ice Magic      | 4 5 6 7 |  7.7
Spellcasting   | 5 8 9 |  9.2
Dodging        | |  2.0
Stealth        | |  2.6
Conjurations   | |  1.0

Action                   |  1- 3 |  4- 6 |  7- 9 || total
-------------------------+-------+-------+-------++-------
Melee: Unarmed           |    24 |       |       ||    24
       Constrict         |    14 |    19 |    32 ||    65
       Tentacles         |     6 |     9 |    20 ||    35
       War axe           |    20 |    79 |   140 ||   239
       Dagger            |     7 |       |       ||     7
 Cast: Freeze            |    24 |     5 |    73 ||   102
       Ozocubu's Armour  |       |       |     5 ||     5
  Use: Potion            |       |     1 |     2 ||     3
       Scroll            |       |       |    12 ||    12
 Stab: Sleeping          |    12 |     7 |    10 ||    29
       Distracted        |       |       |     1 ||     1
  Eat: Chunk             |     3 |     5 |       ||     8
       Ration            |       |     1 |     5 ||     6
Armor: Skin              |     9 |    20 |    13 ||    42
Dodge: Dodged            |    56 |    63 |   188 ||   307

Table legend:
 A = Spawn XP
 B = Non-spawn XP
 C = Spawn XP percentage of total XP
 D = Spawn monster count
 E = Non-spawn monster count
 F = Spawn count percentage of total count
 G = Total turns spent on level
                    A         B        C        D         E        F      G
               +---------+---------+-------+---------+---------+-------+---------
         Total |       0 |    3147 |   0.0 |       0 |     146 |   0.0 |  8153
               +---------+---------+-------+---------+---------+-------+---------
           D:1 |       0 |      21 |   0.0 |       0 |      16 |   0.0 |   736
           D:2 |       0 |      59 |   0.0 |       0 |      23 |   0.0 |   716
           D:3 |       0 |      68 |   0.0 |       0 |      23 |   0.0 |  1519
           D:4 |       0 |     323 |   0.0 |       0 |      26 |   0.0 |  1552
           D:5 |       0 |     588 |   0.0 |       0 |      22 |   0.0 |  1921
           D:6 |       0 |     723 |   0.0 |       0 |      27 |   0.0 |  1242
           D:7 |       0 |     146 |   0.0 |       0 |       7 |   0.0 |   119
        Bailey |       0 |    1219 |   0.0 |       0 |       2 |   0.0 |   121
               +---------+---------+-------+---------+---------+-------+---------
